 Dungeon Crawl Stone Soup version 0.31-a0-331-geda263fcf1 (webtiles) character file.

Game seed: 11397311801809360253

747 arthad the Shield-Bearer (level 8, 0/63 HPs)
             Began as a Formicid Fighter on July 19, 2023.
             Was an Initiate of Gozag.
             Slain by a gnoll
             ... wielding a +0 halberd
              (14 damage)
             ... on level 5 of the Dungeon.
             The game lasted 00:10:35 (3438 turns).

arthad the Shield-Bearer (Formicid Fighter)         Turns: 3438, Time: 00:10:36

Health: 0/63       AC:  8    Str: 27    XL:     8   Next: 6%
Magic:  8/8        EV: 10    Int:  3    God:    Gozag
Gold:   355        SH:  6    Dex: 16    Spells: 7/7 levels left

rFire   + + +        s - +2 hand axe of the Shining Light {heavy, Fly Str+3 Stlth+}
rCold   . . .        c - +0 buckler
rNeg    . . .        z - +0 ring mail "Xotenaed" {rPois rCorr Int-4 Dex+3}
rPois   +            (helmet unavailable)
rElec   .            w - scarf {repulsion}
rCorr   +            r - +0 pair of gloves
SInv    +            A - +0 pair of boots of Fineatou {-Cast +Inv rPois rF+++}
Will    .....        (no amulet)
Stlth   ++           (no ring)
HPRegen 0.30/turn    (no ring)
MPRegen 0.11/turn

%: no spellcasting, repel missiles
@: mighty, gold aura, flying
A: permanent stasis, dig shafts and tunnels, antennae 3, four strong arms
a: Dig, Shaft Self, Renounce Religion, Evoke Invisibility, Potion Petition, Call
Merchant, Bribe Branch


You were on level 5 of the Dungeon.
You worshipped Gozag.
Gozag was aware of your devotion.
You visited 2 branches of the dungeon, and saw 6 of its levels.

You collected 399 gold pieces.
You paid 44 gold pieces to Gozag.

Inventory:

Hand Weapons
 a - a +0 war axe
 i - a +2 heavy flail
 s - the +2 hand axe of the Shining Light (weapon) {heavy, Fly Str+3 Stlth+}
   (You found it on level 4 of the Dungeon)

   Str:       It affects your strength (+3).
   Fly:       It grants you flight.
   Stlth:     It makes you more stealthy.
Missiles
 f - 15 poisoned darts
Armour
 b - a +0 scale mail
 c - a +0 buckler (worn)
 k - a +0 pair of boots
 p - a +3 leather armour of poison resistance
 r - a +0 pair of gloves (worn)
 w - a scarf of repulsion (worn)
 z - the +0 ring mail "Xotenaed" (worn) {rPois rCorr Int-4 Dex+3}
   (You found it on level 5 of the Dungeon)

   Int:       It affects your intelligence (-4).
   Dex:       It affects your dexterity (+3).
   rPois:     It protects you from poison.
   rCorr:     It protects you from acid and corrosion.
 A - the +0 pair of boots of Fineatou (worn) {-Cast +Inv rPois rF+++}
   (You found it on level 5 of the Dungeon)

   rF:        It renders you almost immune to fire.
   rPois:     It protects you from poison.
   +Inv:      It lets you turn invisible.
   -Cast:     It prevents spellcasting.
Magical Staves
 n - a staff of air
Talismans
 x - a blade talisman
Wands
 o - a wand of acid (13)
 v - a wand of roots (8)
Scrolls
 e - a scroll of amnesia {unknown}
 h - 3 scrolls of fear {unknown}
 j - 2 scrolls of poison {unknown}
 l - a scroll of teleportation {unknown}
 q - 2 scrolls of identify {unknown}
 u - a scroll of enchant weapon {unknown}
 y - a scroll of blinking {unknown}
Potions
 g - a potion of curing
 m - a potion of magic {unknown}
 t - a potion of haste {unknown}


   Skills:
 + Level 5.6 Fighting
 + Level 4.5 Axes
 + Level 5.6 Armour
 + Level 6.7 Shields


You had 7 spell levels left.
You didn't know any spells.
Your spell library contained the following spells:

 Spells                   Type           Power      Damage    Failure   Level
 Freeze                   Ice            0%         1d3       71%         1
 Frozen Ramparts          Ice            0%         1d1       97%         3
 Hailstorm                Conj/Ice       0%         3d3       97%         3
 Inner Flame              Hex/Fire       0%         N/A       97%         3
 Flame Wave               Conj/Fire      0%         2d4       100%        4
 Sticky Flame             Conj/Fire      0%         2d3       100%        4


Dungeon Overview and Level Annotations

Branches:
Dungeon (5/15)             Temple (1/1) D:4

Altars:
Ashenzari
Cheibriados
Dithmenos
Elyvilon
Gozag
Hepliaklqana
Kikubaaqudgha
Makhleb
Nemelex Xobeh
Qazlal
Ru
Sif Muna
Trog
Uskayaw
Vehumet
Wu Jian
Xom
Yredelemnul
Zin
The Shining One


Innate Abilities, Weirdness & Mutations

You cannot be hasted, slowed, berserked, paralysed or teleported.
You can dig through walls and to a lower floor.
You have a pair of large antennae on your head. (SInv)
Your four strong arms can wield two-handed weapons with a shield.


Message History

The gnoll is distracted by your dazzling golden aura.
The kobold is distracted by your dazzling golden aura.
The gnoll hits you from afar with a +0 halberd.
The gnoll is distracted by your dazzling golden aura.
The gnoll hits you from afar with a +2 halberd of distortion.
Space warps around you. The gnoll closely misses you.
The gnoll hits you from afar with a +0 halberd.
The gnoll shouts!
You are too injured to fight recklessly!
You are too injured to fight recklessly!
You are too injured to fight recklessly!
You are too injured to fight recklessly!
You are too injured to fight recklessly!
You are too injured to fight recklessly!
You are too injured to fight recklessly!
You are too injured to fight recklessly!
You are too injured to fight recklessly!
You are too injured to fight recklessly!
You are too injured to fight recklessly!
You are too injured to fight recklessly!
Unknown command.
Okay, then.
You feel very mighty all of a sudden.
The gnoll shouts!
The kobold shouts!
You block the gnoll's attack.
The gnoll hits you from afar with a +2 halberd of distortion.
Space warps horribly around you!
* * * LOW HITPOINT WARNING * * *
The gnoll hits you from afar with a +0 halberd.
* * * LOW HITPOINT WARNING * * *
The gnoll is distracted by your dazzling golden aura.
The gnoll shouts!
Things that are here:
12 gold pieces; a +0 club; a +0 club It was a potion of curing.
You feel better.
The gnoll is no longer distracted by gold. x2
You block the gnoll's attack. The gnoll closely misses you.
The gnoll hits you with a +0 halberd!
You die...
Your body crumbles into a pile of gold.

######################
########≈≈≈≈≈≈≈≈≈≈≈≈≈≈≈≈≈≈≈≈≈
####≈≈≈≈≈≈≈≈≈≈≈≈≈≈≈≈≈≈≈≈≈≈≈≈≈≈≈≈
##≈≈≈≈#####≈≈≈≈≈≈≈≈≈≈≈≈≈≈≈≈≈≈≈≈≈≈
#≈≈≈≈≈#{{{#######################
#≈≈≈≈≈#{{{#..?...## ##.....#..)..
#≈≈≈≈≈#{{{#.......###......'..)..
≈≈≈≈≈≈## #...Kg@$.#.......######
≈≈≈≈≈≈≈# ....K.gg..#.............
≈≈≈≈≈≈≈# ......g$$.'..........)..
≈≈≈≈≈≈≈#{..........#...)....)....
≈≈≈≈≈≈## ##........#.......######
≈≈≈≈≈≈# {{#.......###......'.....
≈≈≈≈≈≈# {{#......## ##.....#.....
≈≈≈≈≈≈# {{#######################
≈≈≈≈≈≈#####≈≈≈≈≈≈≈≈≈≈≈≈≈≈≈≈≈≈≈≈≈≈


You could see 4 gnolls and 2 kobolds.

Vanquished Creatures
  A sky beast (D:5)
  A black bear (D:5)
  2 scorpions
  3 hounds (D:4)
  2 jellies
  3 iguanas (D:5)
  Ijyb (D:3)
  An orc wizard (D:5)
  A gnoll (D:5)
  2 adders
  A shadow imp (D:4)
  A white imp (D:4)
  2 ufetubi
  2 worms (D:3)
  A dart slug (D:3)
  5 orcs
  9 ball pythons
  6 bats
  7 endoplasms
  4 giant cockroaches
  23 goblins
  19 hobgoblins
  3 jackals
  A quokka (D:1)
  4 frilled lizards
  9 kobolds
  2 rats
116 creatures vanquished.

Notes
Turn   | Place    | Note
-------+----------+-------------------------------------------
     0 | D:1      | arthad the Formicid Fighter began the quest for the Orb.
     0 | D:1      | Reached XP level 1. HP: 18/18 MP: 1/1
   112 | D:1      | Reached XP level 2. HP: 24/24 MP: 2/2
   282 | D:1      | Reached XP level 3. HP: 25/29 MP: 3/3
   859 | D:2      | Found a hazy altar of Hepliaklqana.
  1209 | D:3      | Noticed a scorpion
  1215 | D:3      | Killed a scorpion
  1216 | D:3      | Reached XP level 4. HP: 23/37 MP: 4/4
  1216 | D:3      | Reached XP level 5. HP: 26/42 MP: 5/5
  1313 | D:3      | Reached skill level 5 in Shields
  1529 | D:3      | Noticed Ijyb
  1540 | D:3      | Killed Ijyb
  1941 | D:4      | Reached XP level 6. HP: 40/49 MP: 6/6
  1982 | D:4      | Identified the +2 hand axe of the Shining Light {heavy, Fly
                  | Str+3 Stlth+}
  1990 | D:4      | Found a staircase to the Ecumenical Temple.
  2006 | Temple   | Entered the Ecumenical Temple
  2038 | Temple   | Became a worshipper of Gozag Ym Sagoz the Greedy
  2114 | D:4      | Found a glowing silver altar of Zin.
  2193 | D:4      | Found a radiant altar of Vehumet.
  2195 | D:4      | Found a shadowy altar of Dithmenos.
  2270 | D:4      | Found a broken altar of Ashenzari.
  2270 | D:4      | Found a snail-covered altar of Cheibriados.
  2272 | D:4      | Found a sacrificial altar of Ru.
  2272 | D:4      | Found a burning altar of Makhleb.
  2273 | D:4      | Found a hide-covered altar of Uskayaw.
  2514 | D:5      | Entered Level 5 of the Dungeon
  2569 | D:5      | Identified the +0 ring mail "Xotenaed" {rPois rCorr Int-4
                  | Dex+3}
  2739 | D:5      | Noticed a sky beast
  2753 | D:5      | Killed a sky beast
  2754 | D:5      | Reached skill level 5 in Fighting
  2754 | D:5      | Reached skill level 5 in Armour
  2754 | D:5      | Reached skill level 6 in Shields
  2754 | D:5      | Reached XP level 7. HP: 30/56 MP: 7/7
  2966 | D:5      | Identified the +0 pair of boots of Fineatou {-Cast +Inv
                  | rPois rF+++}
  3030 | D:5      | Found a white marble altar of Elyvilon.
  3195 | D:5      | Reached XP level 8. HP: 56/63 MP: 8/8
  3437 | D:5      | HP: 3/63 [gnoll/+0 halberd (6)]
  3438 | D:5      | Slain by a gnoll

Illustrated notes

Levels and vault maps discovered:
D:1:      scummos_arrival_checkerplants, layout_loops_ring
D:2:      layout_basic, basic_altar
D:3:      layout_basic, st_stairs_13, minmay_tree_intersection, uniq_ijyb
D:4:      layout_cave_pools, mainiacjoe_overflow_tiny_flanked,
          grunt_temple_overflow_open, minmay_temple_entry_purple_smoke,
          kennysheep_generic_room_2
D:5:      minmay_goblin_kobold_castle, layout_basic,
          nicolae_elyvilon_temple_path
Temple:   bh_familiar_temple

Skill      XL: |  1  2  3  4  5  6  7 |
---------------+----------------------+-----
Fighting       | 4 5 |  5.6
Armour         | 4 5 |  5.6
Shields        | 5 6 |  6.7
Axes           | 3 4 |  4.5

Action                     |  1- 3 |  4- 6 |  7- 9 || total
---------------------------+-------+-------+-------++-------
  Melee: War axe           |   116 |    83 |       ||   199
         Hand axe          |       |    35 |    55 ||    90
  Throw: Dart              |       |       |     1 ||     1
    Use: Potion            |       |       |     2 ||     2
   Stab: Distracted        |       |     1 |     1 ||     2
 Armour: Scale mail        |    54 |    80 |       ||   134
         Ring mail         |       |       |    24 ||    24
  Dodge: Dodged            |    55 |    57 |    39 ||   151
  Block: Buckler           |    34 |    51 |    21 ||   106

Table legend: (Time is in decaauts)
 A = Elapsed time spent in this place.
 B = Non-inter-level travel time spent in this place.
 C = Inter-level travel time spent in this place.
 D = Time resting spent in this place.
 E = Time spent auto-exploring this place.
 F = Levels seen in this place.
 G = Mean time per level.
                   A        B        C        D        E       F      G
               +--------+--------+--------+--------+--------+-----+--------+
         Total |   3576 |   3350 |    226 |      0 |   2464 |   6 |  596.0 |
       Dungeon |   3512 |   3347 |    165 |      0 |   2464 |   5 |  702.4 |
        Temple |     63 |      2 |     61 |      0 |      0 |   1 |   63.0 |
               +--------+--------+--------+--------+--------+-----+--------+

Top non-repeatable levels by time:
     D:5: 972 daAuts
     D:1: 722 daAuts
     D:3: 684 daAuts
     D:4: 655 daAuts
     D:2: 478 daAuts
  Temple: 63 daAuts
